cohdb
Replays
Latest Replays
All Replays
Popular Replays
Top Player Replays
Match Explorer
How It Works
Community
CoH3 Stats
Reddit
Sign in to upload your games and track your stats! →
Sign in with Steam
Match 27734891
Unlisted
Match 27734891
Overview
Messages
Build Orders
End
Selects Airborne Battlegroup
Selects Pathfinders
Pathfinder Squad
Construct Weapon Support Center
M1919 Machine Gun Team
Bazooka Squad
Sniper
Selects Paratrooper Squad Paradrop
Bazooka Squad
Paratrooper Squad Paradrop
Mechanized Support Center
Selects Anti-tank Gun Team Paradrop
Anti-tank Gun Team Paradrop
Anti-tank Gun Team Paradrop
Sniper
Paratrooper Squad Paradrop
yapster
HIMYNAMEISHO
InSaNiedi
aSIISymbiosis
0
0
Comments
sign in to comment!
No comments posted yet!